 Dungeon Crawl Stone Soup version 0.20.1-1-g8b1a95d (webtiles) character file.

19260 letownia2 the Reanimator (level 12, -11/102 HPs)
             Began as a Deep Dwarf Necromancer on Dec 7, 2017.
             Was an Initiate of Gozag.
             Killed by divine providence
             ... invoked by Saint Roka
              (12 damage)
             ... on level 2 of the Orcish Mines.
             The game lasted 00:42:48 (11363 turns).

letownia2 the Reanimator (Deep Dwarf Necromancer)  Turns: 11363, Time: 00:42:48

Health: -11/102    AC: 25    Str: 16    XL:     12   Next: 35%
Magic:  2/35       EV: 14    Int: 22    God:    Gozag
Gold:   2477       SH:  3    Dex: 13    Spells: 9/30 levels left

rFire    + + .     SeeInvis .   U - +3 hand axe (freeze)
rCold    . . .     Gourm    .   (no shield)
rNeg     . . .     Faith    .   r - +1 fire dragon scales
rPois    .         Spirit   .   w - +3 hat of Pondering {ponderous, MR+ MP+10 Int+5}
rElec    .         Reflect  +   f - +2 cloak
rCorr    .         Harm     .   g - +2 pair of gloves
MR       ++...                  s - +2 pair of boots
Stlth    ..........             O - +3 amulet of reflection
Regen    0.0/turn               Q - +4 ring of evasion
MPRegen  0.3/turn               n - ring of protection from cold

@: gold aura, non-regenerating, slow
A: damage resistance, heal wounds, sense surroundings 2, no regeneration
a: Heal Wounds, Potion Petition, Call Merchant, Bribe Branch, Renounce Religion


You were on level 2 of the Orcish Mines.
You worshipped Gozag.
Gozag was most pleased with you.
You were not hungry.

You visited 3 branches of the dungeon, and saw 15 of its levels.

You collected 3412 gold pieces.
You spent 275 gold pieces at shops.
You paid 660 gold pieces to Gozag.

Inventory:

Hand Weapons
 a - a +1 whip of electrocution
 b - a +3 shortbow of freezing
 c - a +0 blowgun
 e - a +1 battleaxe of holy wrath
 i - a +2 scimitar of flaming
 K - a +1 flail of holy wrath
 U - a +3 hand axe of freezing (weapon)
 Z - a +3 battleaxe of freezing
Missiles
 h - 60 bolts
 k - 57 arrows
 E - 5 curare-tipped needles
Armour
 f - a +2 cloak (worn)
 g - a +2 pair of gloves (worn)
 r - +1 fire dragon scales (worn)
 s - a +2 pair of boots (worn)
 w - the +3 hat of Pondering (worn) {ponderous, MR+ MP+10 Int+5}
   (You took it off Gastronok on level 1 of the Orcish Mines)

   It affects your intelligence (+5).
   It affects your resistance to hostile enchantments.
   It affects your magic capacity (+10).
 y - a +0 helmet
 M - a +0 ring mail of cold resistance
 N - a +0 ring mail of poison resistance
 X - the +0 pair of boots of Egalitarianism {rC- MR+ rCorr}
   (You bought it in a shop on level 6 of the Dungeon)

   It makes you vulnerable to cold.
   It affects your resistance to hostile enchantments.
   It protects you from acid and corrosion.
Jewellery
 n - a ring of protection from cold (right hand)
 B - an uncursed amulet of magic regeneration
 H - an uncursed ring of magical power
 I - an uncursed amulet of rage
 O - a +3 amulet of reflection (around neck)
 Q - a +4 ring of evasion (left hand)
Wands
 u - a wand of lightning (10/15)
 F - a wand of digging (7/24)
 L - a wand of confusion (32/48)
 V - a wand of random effects (19/48)
 W - a wand of lightning (2/15)
Scrolls
 l - 6 scrolls of magic mapping
 m - a scroll of recharging
 q - a scroll of enchant armour
 A - 5 scrolls of remove curse
 G - a scroll of fear {unknown}
 J - 3 scrolls of teleportation
 P - 2 scrolls of immolation
 Y - a scroll of brand weapon {unknown}
Potions
 d - 2 potions of mutation {unknown}
 j - a potion of magic
 o - a potion of resistance
 p - 4 potions of might {unknown}
 t - 4 potions of flight {unknown}
 x - 4 potions of brilliance {unknown}
 C - 2 potions of heal wounds
 D - 2 potions of lignification {unknown}
 R - 5 potions of curing {unknown}
 S - a potion of degeneration {unknown}
Comestibles
 v - 2 meat rations
 z - 5 bread rations


   Skills:
 + Level 4.9 Fighting
 + Level 6.4 Axes
 + Level 9.3 Armour
 - Level 2.1 Dodging
 - Level 2.4 Stealth
 + Level 9.7 Spellcasting
 - Level 3.0 Conjurations
 + Level 11.3 Necromancy
 - Level 2.3 Translocations
 - Level 2.6 Fire Magic
 - Level 2.7 Air Magic
 - Level 2.0 Poison Magic
 - Level 5.1 Evocations


You had 9 spell levels left.
You knew the following spells:

 Your Spells              Type           Power        Failure   Level  Hunger
a - Pain                  Necr           ####         1%          1    None
b - Blink                 Tloc           N/A          13%         2    None
c - Conjure Flame         Conj/Fire      ###.....     22%         3    None
e - Mephitic Cloud        Conj/Pois/Air  ###.....     24%         3    None
i - Inner Flame           Hex/Fire       ###.....     36%         3    None
j - Portal Projectile     Hex/Tloc       ###...       38%         3    None
v - Vampiric Draining     Necr           ######....   1%          3    None
x - Dazzling Spray        Conj/Hex       ###...       36%         3    None


Dungeon Overview and Level Annotations

Branches:
Dungeon (11/15)            Temple (0/1) D:5            Lair (2/6) D:8
    Orc (2/2) D:9             Elf (0/3) Orc:2
  Swamp: Lair:2-4    Shoals: Lair:2-4     Snake: Lair:2-4    Spider: Lair:2-4

Altars:
Dithmenos
Gozag
Qazlal
Ru
Sif Muna
Beogh

Shops:
D:6 [   Orc:2 [

Annotations:
Orc:2 1 exclusion, Saint Roka


Innate Abilities, Weirdness & Mutations

You are resistant to damage.
You can heal yourself by infusing magical energy.
You passively map the area around you.
You do not regenerate.


Message History

Beogh smites you!
* * * LOW HITPOINT WARNING * * *
The white imp closely misses you. The orc warrior misses you.
The orc warrior hits you from afar with a glaive!!
* * * LOW HITPOINT WARNING * * *
Something barely misses the orc warrior.
The orc hits you but does no damage.
The orc wizard is distracted by the nearby gold.
The orc wizard shouts!
An orc comes into view.
Unknown command.
Unknown command.
Unknown command.
Unknown command.
The orc shouts!
The white imp hits you but does no damage.
Saint Roka mumbles some strange prayers to Beogh against you.
Beogh smites you!
You die...
Your body crumbles into a pile of gold.

#.............o.##......##.
##..............o###....5...
#......#....#..o###......$..
#.........).).o###...#...##.
##..#.....)<#o..#.#.#....##.
####.#.......##oo#)o.#....#...
##...........#.o..##.#.....§≈≈.
#.....#.......o$..#...#≈§§§§##≈
##...##......#@55...§≈≈≈≈§≈§# ≈
##....[[.....§....≈§≈≈≈###§≈≈≈
#.....)..........≈≈§≈### ##≈§
##...............###§#,, , ≈§
##.#.............##≈###,, §
#................# * , ,*
##.#............## ≈≈* *≈
##.............# ≈ * , ,
#..............# ≈ , , ,


You could see Saint Roka, 5 orc warriors, a crimson imp, a white imp and 2 orcs.

Vanquished Creatures
  Gastronok (Orc:1)
  Azrael (Orc:2)
  3 two-headed ogres
  Sonja (D:11)
  2 deep elf magi (Orc:2)
  Joseph (D:9)
  An efreet (D:11)
  2 trolls
  A hornet (D:9)
  2 hippogriffs (D:9)
  A shadow (D:11)
  A spriggan (D:7)
  4 fire elementals (Orc:2)
  13 yaks
  A hungry ghost (D:8)
  Menkaure (D:4)
  A warg (Orc:2)
  3 hell hounds (Orc:2)
  3 porcupines
  The ghost of Kingsmith the Conjurer, an amateur DECj (D:5)
  4 water moccasins
  4 ice beasts
  3 sky beasts
  10 orc warriors
  5 black bears
  5 wolves (Lair:1)
  8 centaurs
  2 ogres
  4 crocodiles
  A bullfrog (Lair:1)
  7 scorpions
  6 killer bees
  4 howler monkeys
  26 wights
  3 crimson imps
  A gnoll shaman (D:9)
  A quasit (D:9)
  A bullfrog zombie (D:6)
  5 centaur skeletons
  2 centaur zombies
  5 hounds
  A jelly (D:10)
  Crazy Yiuf (D:3)
  12 orc priests
  3 bullfrog skeletons
  18 orc wizards
  Ijyb (D:4)
  2 iguanas
  4 worker ants
  A hound zombie (D:11)
  A worker ant zombie (D:7)
  6 gnolls
  14 adders
  A shadow imp (D:5)
  2 oozes
  3 worms
  A dart slug (D:1)
  5 leopard geckos
  55 orcs
  2 giant cockroaches
  5 goblins
  12 hobgoblins
  20 jackals
  5 kobolds
  5 quokkas
  2 ball pythons
  6 bats
  4 frilled lizards
  A jackal skeleton (D:5)
  A quokka zombie (D:4)
  3 rats (D:1)
348 creatures vanquished.

Vanquished Creatures (collateral kills)
  A komodo dragon (D:11)
1 creature vanquished.

Vanquished Creatures (others)
  A troll (Orc:2)
  An orc warrior (Orc:2)
  3 orcs (Orc:2)
  2 fungi
7 creatures vanquished.

Grand Total: 356 creatures vanquished

Notes
Turn   | Place    | Note
-------+----------+-------------------------------------------
     0 | D:1      | letownia2 the Deep Dwarf Necromancer began the quest for the Orb.
     0 | D:1      | Reached XP level 1. HP: 15/15 MP: 3/3
   391 | D:3      | Reached XP level 2. HP: 20/22 MP: 1/5
   410 | D:3      | Found a faded altar of an unknown god.
   413 | D:3      | Noticed a water moccasin
   531 | D:4      | Noticed Menkaure
   683 | D:4      | Reached skill level 5 in Necromancy
   683 | D:4      | Reached XP level 3. HP: 21/28 MP: 6/6
   688 | D:4      | Learned a level 3 spell: Vampiric Draining
   691 | D:4      | Learned a level 2 spell: Blink
   874 | D:4      | Noticed Ijyb
   963 | D:4      | Found a stormy altar of Qazlal.
   963 | D:4      | Found an opulent altar of Gozag.
   963 | D:4      | Found a shadowy altar of Dithmenos.
   979 | D:4      | Became a worshipper of Gozag Ym Sagoz the Greedy
  1007 | D:4      | Reached XP level 4. HP: 29/36 MP: 8/8
  1506 | D:3      | Reached skill level 6 in Necromancy
  1506 | D:3      | Reached XP level 5. HP: 34/42 MP: 9/9
  1572 | D:3      | Found a runed door.
  1618 | D:3      | Noticed Crazy Yiuf
  1630 | D:3      | Killed Crazy Yiuf
  1795 | D:2      | Learned a level 3 spell: Conjure Flame
  2617 | D:2      | Found a deep blue altar of Sif Muna.
  3101 | D:5      | Entered Level 5 of the Dungeon
  3171 | D:4      | Killed Menkaure
  3171 | D:4      | Reached skill level 1 in Conjurations
  3171 | D:4      | Reached skill level 1 in Translocations
  3171 | D:4      | Reached skill level 1 in Fire Magic
  3171 | D:4      | Reached XP level 6. HP: 50/50 MP: 11/11
  3256 | D:4      | Killed Ijyb
  3256 | D:4      | Reached skill level 1 in Armour
  3533 | D:5      | Reached skill level 1 in Fighting
  3673 | D:5      | Reached XP level 7. HP: 42/57 MP: 12/12
  3730 | D:5      | Reached skill level 1 in Axes
  3730 | D:5      | Reached skill level 7 in Necromancy
  3793 | D:5      | Noticed Kingsmith's ghost (amateur DECj)
  3877 | D:6      | Reached skill level 1 in Evocations
  3882 | D:6      | Found a sacrificial altar of Ru.
  3921 | D:6      | Learned a level 3 spell: Mephitic Cloud
  4002 | D:6      | Reached XP level 8. HP: 48/64 MP: 13/13
  4040 | D:6      | Reached skill level 1 in Poison Magic
  4344 | D:6      | Reached skill level 1 in Air Magic
  5061 | D:7      | Reached skill level 5 in Spellcasting
  5151 | D:7      | Gained mutation: You passively map the area around you. [Deep Dwarf growth]
  5151 | D:7      | Reached XP level 9. HP: 39/70 MP: 16/16
  5201 | D:7      | Reached skill level 5 in Evocations
  5290 | D:6      | Bought a pair of translucent boots for 275 gold pieces
  5295 | D:6      | Identified the cursed +0 pair of boots of Egalitarianism {rC- MR+ rCorr} (You bought it in a shop on level 6 of the Dungeon)
  5470 | D:5      | Killed Kingsmith's ghost
  5727 | D:5      | Found a staircase to the Ecumenical Temple.
  6380 | D:8      | Noticed a two-headed ogre
  6393 | D:8      | Killed a two-headed ogre
  6393 | D:8      | Reached XP level 10. HP: 62/78 MP: 2/22
  6446 | D:8      | Noticed a two-headed ogre
  6475 | D:8      | Killed a two-headed ogre
  6774 | D:8      | Found a staircase to the Lair.
  6868 | Lair:1   | Entered Level 1 of the Lair of Beasts
  6904 | Lair:1   | Reached skill level 8 in Necromancy
  7010 | Lair:1   | Reached skill level 5 in Armour
  7311 | Lair:1   | Reached skill level 9 in Necromancy
  7395 | Lair:2   | Learned a level 3 spell: Dazzling Spray
  7610 | D:9      | Reached XP level 11. HP: 64/84 MP: 3/23
  7685 | D:9      | Learned a level 3 spell: Inner Flame
  7689 | D:9      | Learned a level 3 spell: Portal Projectile
  7971 | D:9      | Found a staircase to the Orcish Mines.
  7983 | D:9      | Found a roughly hewn altar of Beogh.
  8097 | D:9      | Reached skill level 10 in Necromancy
  8212 | D:9      | Noticed Joseph
  8224 | D:9      | Killed Joseph
  8426 | D:9      | Found a sacrificial altar of Ru.
  8502 | D:10     | Entered Level 10 of the Dungeon
  9070 | D:10     | Noticed a two-headed ogre
  9598 | D:10     | Killed a two-headed ogre
  9810 | D:11     | Noticed Sonja
 10229 | D:11     | Killed Sonja
 10445 | D:11     | Reached skill level 5 in Axes
 10593 | Orc:1    | Entered Level 1 of the Orcish Mines
 10666 | Orc:1    | Noticed Gastronok
 10697 | Orc:1    | Killed Gastronok
 10763 | Orc:2    | Entered Level 2 of the Orcish Mines
 10775 | Orc:2    | Reached XP level 12. HP: 92/100 MP: 17/25
 10837 | Orc:2    | Found a staircase to the Elven Halls.
 10947 | Orc:2    | Noticed Azrael
 10956 | Orc:2    | Reached skill level 11 in Necromancy
 10961 | Orc:2    | Killed Azrael
 10988 | Orc:2    | Found Niudisuc's Armour Emporium.
 11141 | Orc:1    | Noticed an orc warlord
 11296 | Orc:2    | Noticed Saint Roka
 11362 | Orc:2    | HP: 1/102 [orc warrior/glaive[Saint Roka] (20)]
 11363 | Orc:2    | Killed from afar by Saint Roka

Skill      XL: |  1  2  3  4  5  6  7  8  9 10 11 12 |
---------------+-------------------------------------+-----
Spellcasting   | 2 3 5 8 9 |  9.7
Necromancy     | 5 6 7 9 10 11 | 11.3
Conjurations   | 1 2 3 |  3.0
Translocations | 1 2 |  2.3
Fire Magic     | 1 2 |  2.6
Armour         | 1 2 4 7 8 9 |  9.3
Fighting       | 1 4 |  4.9
Axes           | 2 5 6 |  6.4
Evocations     | 1 4 5 |  5.1
Poison Magic   | 2 |  2.0
Air Magic      | 2 |  2.7
Dodging        | |  2.1
Stealth        | |  2.4

Action                   |  1- 3 |  4- 6 |  7- 9 | 10-12 || total
-------------------------+-------+-------+-------+-------++-------
Melee: Unarmed           |     4 |       |       |       ||     4
       Falchion          |    18 |     2 |       |       ||    20
       Dagger            |       |    15 |       |       ||    15
       Whip              |       |    29 |   287 |   532 ||   848
       Flail             |       |       |       |    16 ||    16
       Battleaxe         |       |       |       |    12 ||    12
       Hand axe          |       |       |       |   122 ||   122
 Fire: Hunting sling     |       |     4 |    11 |       ||    15
       Blowgun           |       |       |       |     5 ||     5
 Cast: Pain              |    26 |   118 |    38 |    27 ||   209
       Vampiric Draining |     2 |     3 |    69 |   128 ||   202
       Mephitic Cloud    |       |       |     1 |    15 ||    16
       Conjure Flame     |       |       |       |    10 ||    10
       Blink             |       |       |       |     1 ||     1
Invok: Call Merchant     |       |       |     1 |       ||     1
 Abil: Evoke Berserk Rag |       |     1 |     1 |     1 ||     3
Evoke: Wand              |       |       |    18 |    13 ||    31
  Use: Scroll            |       |     1 |     5 |    12 ||    18
 Stab: Confused          |       |       |     5 |     9 ||    14
       Sleeping          |       |       |     1 |     1 ||     2
       Distracted        |       |       |       |     4 ||     4
  Eat: Bread ration      |       |     1 |     2 |     2 ||     5
       Meat ration       |       |     1 |     1 |     2 ||     4
       Royal jelly       |       |       |     1 |       ||     1
       Fruit             |       |       |       |     4 ||     4
Armor: Ring mail         |     8 |    42 |   155 |     6 ||   211
       Fire dragon scale |       |       |       |   409 ||   409
Dodge: Dodged            |    21 |    42 |   191 |   521 ||   775
Block: Other             |       |       |    35 |    84 ||   119
       Reflection        |       |       |       |     8 ||     8
       Rpst.: Falchion   |     7 |       |       |       ||     7
